General information
- name: BNet
- type: Ladder team game (AT/RT)
- host: Battle.net
- saver: Gobiner
map: Highperch
- players: 6
- length: 03:40
- speed: Fast
- version: 1.21 W3XP
- replay type: Public
» download(16 KB)
Players
team 1 (loser)
L3MMYTUCH4D3R3 (
purple | 48 APM | 173 actions | 03:38)
1 Dark Ranger
1 Black Arrow
» actions
| Assign group hotkey | 2 | |
| Build / train | 10 | |
| ESC pressed | 4 | |
| Enter build submenu | 13 | |
| Enter hero's abilities submenu | 1 | |
| Right click | 88 | |
| Select / deselect | 42 | |
| Use ability | 13 | |
173 total
» units
» buildings
| Altar of Kings | 1 | |
| Lumber Mill | 1 | |
| Farm | 3 | |
| Scout Tower | 5 | |
| Guard Tower | 1 | |
11 total
» build order
00:23 Altar of Kings
00:36 Lumber Mill
00:54 Farm
00:58 Farm
01:44 Scout Tower
01:46 Scout Tower
01:57 Scout Tower
02:01 Scout Tower
02:22 Farm
02:27 Guard Tower
03:33 Scout Tower

»
M1T03ZRBR0K3N (
orange | 27 APM | 99 actions | 03:36)
1 Death Knight
1 Death Coil
» actions
| Basic commands | 3 | |
| Build / train | 11 | |
| Enter build submenu | 5 | |
| Enter hero's abilities submenu | 1 | |
| Right click | 46 | |
| Select / deselect | 29 | |
| Use ability | 4 | |
99 total
» units
» buildings
| Crypt | 1 | |
| Ziggurat | 2 | |
| Altar of Darkness | 1 | |
4 total
» build order
00:16 Crypt
00:25 Ziggurat
01:01 Altar of Darkness
01:44 Ziggurat

»
Pu7MahB0N3INYA (
teal | 33 APM | 118 actions | 03:32)
» actions
| Assign group hotkey | 1 | |
| Build / train | 11 | |
| Enter build submenu | 11 | |
| Right click | 32 | |
| Select / deselect | 48 | |
| Select group hotkey | 6 | |
| Use ability | 9 | |
118 total
» units
» buildings
| War Mill | 1 | |
| Orc Burrow | 1 | |
| Altar of Storms | 2 | |
| Watch Tower | 5 | |
9 total
» build order
00:31 War Mill
00:54 Orc Burrow
01:23 Altar of Storms
01:51 Altar of Storms
02:04 Watch Tower
02:07 Watch Tower
02:12 Watch Tower
02:58 Watch Tower
03:04 Watch Tower
team 2 (winner)
bia-bia-bia (
blue | 34 APM | 123 actions | 03:39)
1 Blademaster
1 Wind Walk
» actions
| Assign group hotkey | 1 | |
| Basic commands | 2 | |
| Build / train | 12 | |
| Enter build submenu | 9 | |
| Enter hero's abilities submenu | 1 | |
| Right click | 54 | |
| Select / deselect | 37 | |
| Use ability | 7 | |
123 total
» units
» buildings
| Altar of Storms | 1 | |
| War Mill | 1 | |
| Orc Burrow | 2 | |
| Watch Tower | 3 | |
| Stronghold | 1 | |
8 total
» build order
00:08 Altar of Storms
00:18 War Mill
00:30 Orc Burrow
02:07 Watch Tower
02:17 Watch Tower
02:29 Orc Burrow
03:10 Watch Tower
03:28 Stronghold
Blahsmack (
yellow | 40 APM | 145 actions | 03:39)
1 Blademaster
1 Wind Walk
» actions
| Basic commands | 4 | |
| Build / train | 15 | |
| Enter build submenu | 7 | |
| Enter hero's abilities submenu | 1 | |
| Remove unit from queue | 2 | |
| Right click | 66 | |
| Select / deselect | 42 | |
| Use ability | 8 | |
145 total
» units
» buildings
| Altar of Storms | 1 | |
| War Mill | 1 | |
| Orc Burrow | 2 | |
| Watch Tower | 3 | |
7 total
» build order
00:10 Altar of Storms
00:13 War Mill
00:19 Orc Burrow
01:38 Watch Tower
02:19 Orc Burrow
02:32 Watch Tower
02:38 Watch Tower
Gobiner (
green | 40 APM | 149 actions | 03:40)
1 Archmage
1 Blizzard
» actions
| Assign group hotkey | 3 | |
| Basic commands | 2 | |
| Build / train | 21 | |
| Enter build submenu | 10 | |
| Enter hero's abilities submenu | 1 | |
| Right click | 29 | |
| Select / deselect | 32 | |
| Select group hotkey | 37 | |
| Use ability | 14 | |
149 total
» units
» upgrades
» buildings
| Altar of Kings | 1 | |
| Lumber Mill | 1 | |
| Farm | 2 | |
| Scout Tower | 6 | |
| Arcane Tower | 1 | |
| Guard Tower | 3 | |
14 total
» build order
00:06 Altar of Kings
00:10 Lumber Mill
00:18 Farm
01:04 Scout Tower
01:24 Farm
01:32 Arcane Tower
01:34 Scout Tower
02:00 Guard Tower
02:02 Scout Tower
02:04 Scout Tower
02:29 Guard Tower
02:36 Scout Tower
03:16 Guard Tower
03:18 Scout Tower
Chat log
(02:49 / All) L3MMYTUCH4D3R3: Do you have stairs in ur house
(02:52 / All) Gobiner: wat
(02:54 / All) Blahsmack: OH NO
(02:59 / All) Blahsmack: ahahaha
(03:01 / All) Pu7MahB0N3INYA: That's so funny.
(03:06 / All) Gobiner: who are you
(03:30 / All) Pu7MahB0N3INYA: GG I guess we don't highperch as well.
(03:35 / All) L3MMYTUCH4D3R3: GG
(03:35 / Allies) bia-bia-bia: wat
(03:37 / All) Blahsmack: guess so nubs